Workbook
Name EQUIPO_LISTA: #REF!
Name klko: #REF!
Name MDO_LISTA: #REF!
Name TRANSPORTE_LISTA: #REF!

Sheet Presupuesto
A1: PRESUPUESTO FINAL ACUEDUCTO MORTIÑAL SECTOR LA ESCUELA
A2: Ítem | B2: Referencia | C2: codigo | D2: DESCRIPCIÓN | E2: UND. | F2: CANTIDAD | G2: VALOR UNITARIO | H2: VALOR TOTAL
A4: 1. CAPTACIÓN NACIMIENTO - ADUCCIÓN - CONDUCCIÓN A PTAP
A5: 1.01 | B5: Gob. | C5: 2.01.70 | D5: EXCAVACION MANUAL EN MATERIAL COMUN | E5: m3 | F5: =+Memorias!F20 -> 63 | G5: 70577.63 | H5: =+F5*G5 -> 4446390.7
A6: =+A5+0.01 -> 1.02 | B6: Gob. | C6: =APUS!A31 -> 2.01.71 | D6: EXCAVACION MANUAL EN MATERIAL CONGLOMERADO | E6: m3 | F6: =+Memorias!F40 -> 21 | G6: 93519.01 | H6: =+F6*G6 -> 1963899.2
A7: =+A6+0.01 -> 1.03 | B7: Gob. | C7: 4.01.18 | D7: SUMINISTRO E INSTALACIÓN TUBERÍA PVC. D = 2" RDE 21 UNIÓN MECANICA | E7: ml | F7: =+Memorias!F55 -> 6 | G7: 30583.17 | H7: =+F7*G7 -> 183499.02
A8: =+A7+0.01 -> 1.04 | D8: Macromedidor de 2" agua limpia clase b magnético 230psi | E8: und | F8: =+Memorias!F70 -> 1 | G8: =+APUS!G156 -> $ 2.660.000,00 | H8: =+F8*G8 -> 2660000
A9: =+A8+0.01 -> 1.05 | D9: Unión de desmontaje autoportante en HD de 2" | E9: und | F9: =+Memorias!F85 -> 1 | G9: =+APUS!G187 -> $ 651.748,55 | H9: =+F9*G9 -> 651748.55
A10: =+A9+0.01 -> 1.06 | D10: Pasamuro en a.c extremo brida en ac de 2" | E10: und | F10: =+Memorias!F103 -> 1 | G10: =+APUS!G218 -> 276037.14 | H10: =+F10*G10 -> 276037.14
A11: =+A10+0.01 -> 1.07 | B11: Gob. | D11: SUMINISTRO E INSTALACIÓN VÁLVULA COMPUERTA H.D. D = 2" EXTREMO BRIDA SELLO ELASTICO, 250 PSI. | E11: und | F11: =+Memorias!F121 -> 1 | G11: 837800.39 | H11: =+F11*G11 -> 837800.39
A12: =+A11+0.01 -> 1.08 | B12: No Gob. | D12: Filtro en yee 2" en HD e.b con registro de lavado | E12: und | F12: =+Memorias!F139 -> 1 | G12: 1076400 | H12: =+F12*G12 -> 1076400
A13: =+A12+0.01 -> 1.09 | B13: Gob. | C13: =APUS!A254 -> 4.02.04 | D13: SUMINISTRO E INSTALACIÓN TUBERÍA PN 10 DIAMETRO 63 mm | E13: ML | F13: =+Memorias!F154 -> 350 | G13: 20609.2 | H13: =+F13*G13 -> 7213220
A14: =+A13+0.01 -> 1.1 | B14: Gob. | C14: =APUS!A1892 -> 3.03.19 | D14: RELLENO CON MATERIAL SELECCIONADO PROVENIENTE DE EXCAVACION COMPACTADO | E14: M3 | F14: =+Memorias!F169 -> 84 | G14: =APUS!G1912 -> 10228.64 | H14: =+F14*G14 -> 859205.76
A15: Subtotal | H15: =SUM(H5:H14) -> 20168201
A16: 2. PTAP, OBRAS CIVILES, CERRAMIENTO, CASETA DE OPERACIÓN Y CUARTO ELÉCTRICO
A17: 2.01 | B17: Gob. | C17: 2.01.70 | D17: EXCAVACION MANUAL EN MATERIAL COMUN | E17: m3 | F17: =+Memorias!F184 -> 44.3 | G17: 70577.63 | H17: =+F17*G17 -> 3126589
A18: =+A17+0.01 -> 2.02 | B18: Gob. | C18: =+C104 -> 2,01,71 | D18: EXCAVACION MANUAL EN MATERIAL CONGLOMERADO | E18: m3 | F18: =+Memorias!F199 -> 13.425 | G18: 93519.01 | H18: =+F18*G18 -> 1255492.7
A19: =+A18+0.01 -> 2.03 | D19: SUMINISTRO E INSTALACION DE CONCRETO CICLOPEO DE 17.5 MPA (2500) , 40% RAJON PARA BASES | E19: m3 | F19: =+Memorias!F214 -> 13.1 | G19: =+APUS!G351 -> 623318.25 | H19: =+F19*G19 -> 8165469.1
A20: =+A19+0.01 -> 2.04 | B20: Gob. | C20: =APUS!A354 -> 2.03.31 | D20: VIGA AMARRE SOBRE MURO 21 MPa - (3000 PSI) | E20: m3 | F20: =+Memorias!F229 -> 2.66 | G20: 1087554.3 | H20: =+F20*G20 -> 2892894.5
A21: =+A20+0.01 -> 2.05 | B21: Gob. | C21: =APUS!A390 -> 5.03.01 | D21: CONCRETO SIMPLE DE 21 Mpa. (3000 PSI) | E21: m3 | F21: =+Memorias!F244 -> 5.3 | G21: 556652.91 | H21: =+F21*G21 -> 2950260.4
A22: =+A21+0.01 -> 2.06 | B22: Gob. | C22: 2.04.14 | D22: MURO EN BLOQUE DE ARCILLA No.4. E = 0.10 M. | E22: m2 | F22: =+Memorias!F259 -> 68.3 | G22: =+APUS!G457 -> $ 68.169,33 | H22: =+F22*G22 -> 4655965.2
A23: =+A22+0.01 -> 2.07 | B23: Gob. | C23: 2.15.07 | D23: SUMINSITRO E INSTALACIÓN VENTANA LAMINA CAL. 18 CON VIDRIO INC. ANTICORR. | E23: m2 | F23: =+Memorias!F274 -> 6 | G23: 321920.35 | H23: =+F23*G23 -> 1931522.1
A24: =+A23+0.01 -> 2.08 | B24: Gob. | C24: 2.15.06 | D24: SUMINISTRO E INSTALACIÓN PUERTA EN LAMINA CAL 18 INC. ANTICORROSIVO | E24: Und | F24: =+Memorias!F289 -> 7.1 | G24: 264906.59 | H24: =+F24*G24 -> 1880836.8 | I24: pdf
A25: =+A24+0.01 -> 2.09 | B25: Gob. | C25: 3.10.12 | D25: SUMINISTRO FIGURADO Y ARMADO DE ACERO DE REFUERZO 60000 PSI 420 MPA | E25: kg | F25: =+Memorias!F304 -> 1392.5 | G25: 7675.05 | H25: =+F25*G25 -> 10687507 | I25: pdf
A26: =+A25+0.01 -> 2.1 | B26: Gob. | C26: =+APUS!A574 -> 2.03.01 | D26: COLUMNAS Y PEDESTALES EN CONCRETO DE 21 MPa - (3000 PSI), H < = A 3.0 M. (FORMALETA METALICA). | E26: m3 | F26: =+Memorias!F319 -> 2.017 | G26: =+APUS!G609 -> 1136574.8 | H26: =+F26*G26 -> 2292471.3
A27: =+A26+0.01 -> 2.11 | B27: Gob. | C27: =+APUS!A612 -> 0 | D27: CONCRETO E/PISO 21 Mpa - (3000 PSI) | E27: m3 | F27: =+Memorias!F334 -> 4.8 | G27: =+APUS!G644 -> 285074.72 | H27: =+F27*G27 -> 1368358.7
A28: =+A27+0.01 -> 2.12 | B28: Gob. | C28: =+APUS!A648 -> 2.03.35 | D28: SUMINISTRO E INSTALACIÓN DE MALLA ELECTROSOLDADA | E28: KG | F28: =+Memorias!F356 -> 420 | G28: =+APUS!G680 -> 7423.82 | H28: =+F28*G28 -> 3118004.4
A29: =+A28+0.01 -> 2.13 | B29: Gob. | C29: =+APUS!A683 -> 2.05.01 | D29: ALISTADO DE PISO 1:3 E = 4.0 CM (ENDURECIDO). | E29: m2 | F29: =+Memorias!F377 -> 10 | G29: =+APUS!G716 -> 59484.58 | H29: =+F29*G29 -> 594845.8
A30: =+A29+0.01 -> 2.14 | B30: Gob. | C30: =+APUS!A719 -> 2.05.19 | D30: PISO EN CERÁMICA | E30: m2 | F30: =+Memorias!F398 -> 10 | G30: =+APUS!G752 -> 91325.6 | H30: =+F30*G30 -> 913256
A31: =+A30+0.01 -> 2.15 | B31: No Gob. | D31: Tapa en prfv para tanque | E31: m2 | F31: =+Memorias!F418 -> 2 | G31: =+APUS!G783 -> 526511.42 | H31: =+F31*G31 -> 1053022.8
A32: =+A31+0.01 -> 2.16 | B32: No Gob. | D32: Soporte superior en acero inox sobre tapa para moto reductor | E32: und | F32: =+Memorias!F438 -> 2 | G32: =+APUS!G812 -> 334111.42 | H32: =+F32*G32 -> 668222.83
A33: =+A32+0.01 -> 2.17 | B33: No Gob. | D33: Motorreductor agitador mecánico con eje y aspas en acero inoxidable | E33: und | F33: =+Memorias!F463 -> 2 | G33: =+APUS!G841 -> 3864188.5 | H33: =+F33*G33 -> 7728377
A34: =+A33+0.01 -> 2.18 | B34: No Gob. | D34: Bomba dosificadora de 3 l/h | E34: und | F34: =+Memorias!F488 -> 2 | G34: =+APUS!G870 -> 2626045.7 | H34: =+F34*G34 -> 5252091.3
A35: =+A34+0.01 -> 2.19 | B35: No Gob. | D35: Tablero eléctrico para agitador y bomba dosificadora en cloro y tablero para bombas de 1hp y lapicero de 8hp | E35: und | F35: =+Memorias!F511 -> 1 | G35: =+APUS!G898 -> 15223068 | H35: =+F35*G35 -> 15223068
A36: =+A35+0.01 -> 2.2 | B36: No Gob. | D36: SUMINISTRO E INSTALACION DE TUBERÍA ACERO GALVANIZADA 1/2 | E36: ml | F36: =+Memorias!F536 -> 60 | G36: =+APUS!G926 -> 16207.428 | H36: =+F36*G36 -> 972445.66
A37: =+A36+0.01 -> 2.21 | B37: Gob. | C37: =APUS!A929 -> 2.19.06 | D37: CERRAMIENTO MALLA ESLABONADA C. 10 INC. ANGULO | E37: m2 | F37: =+Memorias!F554 -> 44 | G37: =+APUS!G962 -> 373220.67 | H37: =+F37*G37 -> 16421710
A38: =+A37+0.01 -> 2.22 | B38: Gob. | C38: =APUS!A965 -> 3.08.24 | D38: CONSTRUCCION DE ANDENES E=0.10 M., EN CONCRETO DE 17.5 MPa - (2500 PSI) | E38: m2 | F38: =+Memorias!F757 -> 1 | G38: =+APUS!G994 -> 91890.562 | H38: =+F38*G38 -> 91890.562
A39: =+A38+0.01 -> 2.23 | B39: Gob. | C39: =+APUS!A997 -> 3.08.11 | D39: SARDINEL FUNDIDO IN-SITU H=0.40 MTS - A=0.20 MTS, CONCRETO DE 2500 PSI | E39: m3 | F39: =+Memorias!F593 -> 2.4 | G39: =+APUS!G1031 -> 983932.57 | H39: =+F39*G39 -> 2361438.2
A40: =+A39+0.01 -> 2.24 | B40: No Gob. | D40: Suministro e Instalación de PTAP mediante sistemas de filtración Q=2,5 LPS | E40: und | F40: =+Memorias!F612 -> 1 | G40: =+APUS!G1061 -> 89830685 | H40: =+F40*G40 -> 89830685
A41: =+A40+0.01 -> 2.25 | B41: Gob. | C41: =+APUS!A1064 -> 4.04.04 | D41: SUMINISTRO E INSTALACIÓN VÁLVULA COMPUERTA H.F. D = 2" EXTREMO BRIDA SELLO ELASTICO, 250 PSI. | E41: und | F41: =+Memorias!F627 -> 2 | G41: =APUS!G2244 -> 1265007.9 | H41: =+F41*G41 -> 2530015.8
A42: =+A41+0.01 -> 2.26 | B42: No Gob. | D42: SUMINISTRO E INSTALACIÓN VÁLVULA MARIPOSA D=2" | E42: und | F42: =+Memorias!F646 -> 14 | G42: =+APUS!G1128 -> 335331.62 | H42: =+F42*G42 -> 4694642.7
A43: =+A42+0.01 -> 2.27 | B43: No Gob. | D43: Capacitación, Arranque y puesta en marcha, analisis de agua, insumos quimicos por 1 mes | E43: und | F43: =+Memorias!F665 -> 1 | G43: =+APUS!G1159 -> 5501358.4 | H43: =+F43*G43 -> 5501358.4
A44: =+A43+0.01 -> 2.28 | B44: No Gob. | D44: Equipo de test de jarras 4 puestos 300rpm 120v 50/60hz (incluye 4 vasos de 1000 ml) | E44: und | F44: =+Memorias!F684 -> 1 | G44: =+APUS!G1187 -> 5512000 | H44: =+F44*G44 -> 5512000
A45: =+A44+0.01 -> 2.29 | B45: No Gob. | D45: TEST KIT, CO-1 COLOR 0-500 TEST KIT, CO-1 COLOR 0-500 | E45: und | F45: =+Memorias!F703 -> 1 | G45: =+APUS!G1215 -> 1560000 | H45: =+F45*G45 -> 1560000
A46: =+A45+0.01 -> 2.3 | B46: No Gob. | D46: Kit para Cloro libre y total y pH, modelo CN-67 | E46: und | F46: =+Memorias!F718 -> 1 | G46: =+APUS!G1246 -> 1768000 | H46: =+F46*G46 -> 1768000
A47: =+A46+0.01 -> 2.31 | B47: No Gob. | D47: Kit cristaleria para laboratorio, 2 vasos precipitado de 250ml, erlenmeyer de 250ml, 2 pipetas de 10ml, caja de jeringas de 5ml por 10und | E47: und | F47: =+Memorias!F742 -> 1 | G47: =+APUS!G1276 -> 312000 | H47: =+F47*G47 -> 312000
A48: =+A47+0.01 -> 2.32 | B48: No Gob. | D48: Bascula digital de 0 a 10 kg | E48: und | F48: =+Memorias!F757 -> 1 | G48: =+APUS!G1307 -> 156000 | H48: =+F48*G48 -> 156000
A49: =+A48+0.01 -> 2.33 | B49: No Gob. | D49: Turbidimetro digital portatil rango entre 0 - 1100 NTU, con reactivos de calibración | E49: und | F49: =+Memorias!F772 -> 1 | G49: =+APUS!G1337 -> 8216000 | H49: =+F49*G49 -> 8216000
A50: Subtotal | H50: =SUM(H17:H49) -> 2.1568644e+08
A51: 3. SISTEMA RED ELÉCTRICA PARA BOMBEO
A52: 3.01 | D52: Trasformador | E52: und | F52: =+Memorias!F787 -> 1 | G52: 26250000 | H52: =+F52*G52 -> 26250000
A53: =+A52+0.01 -> 3.02 | D53: Postes ferroconcreto 7-50 kg x12 mts | E53: und | F53: =+Memorias!F802 -> 1 | G53: 1527000 | H53: =+F53*G53 -> 1527000
A54: =+A53+0.01 -> 3.03 | D54: Metros de cable cu 1/0 aislado | E54: m | F54: =+Memorias!F817 -> 20 | G54: 87750 | H54: =+F54*G54 -> 1755000
A55: =+A54+0.01 -> 3.04 | D55: Cable 1/0 cu desnudo | E55: m | F55: =+Memorias!F832 -> 10 | G55: 54437.5 | H55: =+F55*G55 -> 544375
A56: =+A55+0.01 -> 3.05 | D56: Varillas de cobre 5/8 cu | E56: und | F56: =+Memorias!F847 -> 1 | G56: 372125 | H56: =+F56*G56 -> 372125
A57: =+A56+0.01 -> 3.06 | D57: Soldadura kadwel | E57: und | F57: =+Memorias!F862 -> 10 | G57: 34125 | H57: =+F57*G57 -> 341250
A58: =+A57+0.01 -> 3.07 | D58: Tubos de media IMC | E58: ml | F58: =+Memorias!F877 -> 30 | G58: 89375 | H58: =+F58*G58 -> 2681250
A59: =+A58+0.01 -> 3.08 | D59: Unión de media IMC | E59: und | F59: =+Memorias!F892 -> 30 | G59: 2275 | H59: =+F59*G59 -> 68250
A60: =+A59+0.01 -> 3.09 | D60: Gabinete de medida | E60: und | F60: =+Memorias!F907 -> 2 | G60: 169812.5 | H60: =+F60*G60 -> 339625
A61: =+A60+0.01 -> 3.1 | D61: Tablero de distribución 1 x 1 | E61: und | F61: =+Memorias!F922 -> 2 | G61: 81087.5 | H61: =+F61*G61 -> 162175
A62: =+A61+0.01 -> 3.11 | D62: Cajas de inspección 30 x 30 | E62: und | F62: =+Memorias!F937 -> 3 | G62: 139668.75 | H62: =+F62*G62 -> 419006.25
A63: =+A62+0.01 -> 3.12 | D63: Mufa industrial 3 x 125 | E63: und | F63: =+Memorias!F958 -> 10 | G63: 92625 | H63: =+F63*G63 -> 926250
A64: =+A63+0.01 -> 3.13 | D64: Totalizadores de 75 AMP | E64: und | F64: =+Memorias!F979 -> 10 | G64: 186875 | H64: =+F64*G64 -> 1868750
A65: =+A64+0.01 -> 3.14 | D65: Transformadores de corriente 100A | E65: und | F65: =+Memorias!F1000 -> 1 | G65: 307125 | H65: =+F65*G65 -> 307125
A66: =+A65+0.01 -> 3.15 | D66: Borneras de pruebas | E66: und | F66: =+Memorias!F1016 -> 10 | G66: 272187.5 | H66: =+F66*G66 -> 2721875
A67: =+A66+0.01 -> 3.16 | D67: Medidor electrónico clase 0.5 | E67: und | F67: =+Memorias!F1032 -> 1 | G67: 2803937.5 | H67: =+F67*G67 -> 2803937.5
A68: =+A67+0.01 -> 3.17 | D68: Cable 1/0 cu aislado | E68: m | F68: =+Memorias!F1049 -> 50 | G68: 87750 | H68: =+F68*G68 -> 4387500
A69: =+A68+0.01 -> 3.18 | D69: Dos campanas de 3” | E69: und | F69: =+Memorias!F1068 -> 2 | G69: 316875 | H69: =+F69*G69 -> 633750
A70: Subtotal | H70: =SUM(H52:H69) -> 48109244
A71: 4. CUARTO ELÉCTRICO SISTEMA DE BOMBEO
A72: 4.01 | B72: Gob. | C72: 2,02,15 | D72: EXCAVACIÓNES MECANICAS Y CORTES EN MATERIAL COMÚN (INCLUYE ACARREO LIBRE HASTA 5 KM.) | E72: m3 | F72: =+Memorias!F184 -> 44.3 | G72: =+G102 -> 26955.15 | H72: =+F72*G72 -> 1194113.1
A73: =+A72+0.01 -> 4.02 | B73: Gob. | C73: 2.01.71 | D73: EXCAVACION MANUAL EN MATERIAL CONGLOMERADO | E73: m3 | F73: =+Memorias!F1110 -> 1.6 | G73: 93519.01 | H73: =+F73*G73 -> 149630.42
A74: =+A73+0.01 -> 4.03 | B74: Gob. | C74: 3.03.19 | D74: SUMINISTRO E INSTALACION DE CONCRETO CICLOPEO DE 17.5 MPA (2500) , 40% RAJON PARA BASES | E74: m3 | F74: =+Memorias!F1134 -> 1.2 | G74: =+APUS!G125 -> 599344.47 | H74: =+F74*G74 -> 719213.36
A75: =+A74+0.01 -> 4.04 | B75: Gob. | C75: 2.03.31 | D75: VIGA AMARRE SOBRE MURO 21 MPa - (3000 PSI) | E75: m3 | F75: =+Memorias!F1154 -> 0.32 | G75: 1070182.4 | H75: =+F75*G75 -> 342458.37
A76: =+A75+0.01 -> 4.05 | D76: CONCRETO VIGA DE AMARRE 21,1 MPa, SECCION RECTANGULAR | E76: m3 | F76: =+Memorias!F1173 -> 0.32 | G76: 829581.32 | H76: =+F76*G76 -> 265466.02
A77: =+A76+0.01 -> 4.06 | B77: Gob. | C77: 1.04.14 | D77: MURO EN BLOQUE No.4 E=0.25 MTS | E77: m2 | F77: =+Memorias!F1191 -> 20 | G77: 121705.99 | H77: =+F77*G77 -> 2434119.8
A78: =+A77+0.01 -> 4.07 | B78: Gob. | C78: 2.15.07 | D78: SUMINSITRO E INSTALACIÓN VENTANA LAMINA CAL. 18 CON VIDRIO INC. ANTICORR. | E78: m2 | F78: =+Memorias!F1207 -> 4 | G78: 321920.35 | H78: =+F78*G78 -> 1287681.4
A79: =+A78+0.01 -> 4.08 | B79: Gob. | C79: 2.15.06 | D79: SUMINISTRO E INSTALACIÓN PUERTA EN LAMINA CAL 18 INC. ANTICORROSIVO | E79: Und | F79: =+Memorias!F1223 -> 2 | G79: 264906.59 | H79: =+F79*G79 -> 529813.18
A80: =+A79+0.01 -> 4.09 | D80: SUMINISTRO E INSTALACION DE CUBIERTA TEJA CALIFORNIA DINALSA O SIMILAR | E80: m2 | F80: =+Memorias!F1239 -> 9 | G80: 31309.6 | H80: =+F80*G80 -> 281786.4
A81: =+A80+0.01 -> 4.1 | B81: Gob. | C81: 3.10.12 | D81: SUMINISTRO FIGURADO Y ARMADO DE ACERO DE REFUERZO 60000 PSI 420 MPA | E81: kg | F81: =+Memorias!F1255 -> 320.45 | G81: 7675.05 | H81: =+F81*G81 -> 2459469.8
A82: =+A81+0.01 -> 4.11 | B82: Gob. | C82: =+APUS!A2037 -> 2.03.01 | D82: COLUMNAS EN CONCRETO 21 MPa - (3000 PSI), ALTURA MENOR A TRES METROS-FORMALETA MADERA | E82: m3 | F82: =+Memorias!F1271 -> 0.625 | G82: =+APUS!G2072 -> 1136574.8 | H82: =+F82*G82 -> 710359.23
A83: =+A82+0.01 -> 4.12 | B83: Gob. | C83: =+APUS!A2075 -> 2.05.04 | D83: ALISTADO PISO E= 4 CM - 1:5 | E83: m2 | F83: =+Memorias!F1287 -> 4 | G83: 30232.22 | H83: =+F83*G83 -> 120928.88
A84: =+A83+0.01 -> 4.13 | B84: Gob. | C84: =+APUS!A2111 -> 2.05.20 | D84: PISO TABLÓN DE GRES 30*30 CM | E84: m2 | F84: =+Memorias!F1302 -> 4 | G84: =+APUS!G2144 -> 94639.44 | H84: =+F84*G84 -> 378557.76
A85: Subtotal | H85: =SUM(H72:H84) -> 10873598
A86: 5. SISTEMA HIDRÁULICO DE LA RED DE IMPULSIÓN
A87: 5.01 | D87: Suministro e Instalación de Bomba sumergible tipo lapicero en acero inoxidable de 8HP (Altura 160m Q30gpm) | E87: und | F87: =+Memorias!F1317 -> 1 | G87: =+APUS!G2171 -> 16263068 | H87: =+F87*G87 -> 16263068
A88: =A87+0.01 -> 5.02 | B88: Gob. | C88: 4.04.14 | D88: CHEQUE RESORTE EB HD DE 2" PRESION 250 PSI BRIDA ANSI | E88: UND | F88: =+Memorias!F1332 -> 1 | G88: =+APUS!G2209 -> 837800.39 | H88: =+F88*G88 -> 837800.39
A89: =+A88+0.01 -> 5.03 | D89: CODO 90 DE 2" EB EN HD ASTM A 536 REVESTIDA EPOXICA | E89: UND | F89: =+Memorias!F1347 -> 1 | G89: =+APUS!G2247 -> $ 1.265.007,89 | H89: =+F89*G89 -> 1265007.9
A90: =+A89+0.01 -> 5.04 | D90: MANOMETRO 250 PSI CON LLAVE DE REGISTRO 250 PSI | E90: und | F90: =+Memorias!F1362 -> 1 | G90: =+APUS!G2285 -> $ 1.265.007,89 | H90: =+F90*G90 -> 1265007.9
A91: =+A90+0.01 -> 5.05 | B91: Gob. | C91: 4.04.14 | D91: SUMINISTRO E INSTALACIÓN VÁLVULA COMPUERTA H.F. D = 2" EXTREMO BRIDA SELLO ELASTICO, 250 PSI. | E91: und | F91: =+Memorias!F1377 -> 1 | G91: 1044015.5 | H91: =+F91*G91 -> 1044015.5
A92: =+A91+0.01 -> 5.06 | D92: PRESOSTATO DIGITAL 250 A 300 PSI CON REGISTRO Y DERIVACION DE TUBO 2" | E92: und | F92: =+Memorias!F1392 -> 1 | G92: 681230.77 | H92: =+F92*G92 -> 681230.77
A93: =+A92+0.01 -> 5.07 | B93: Gob. | C93: 4.04.31 | D93: SUMINISTRO E INSTALACIÓN VENTOSA DE DOBLE ACCIÓN D = ½" EN HIERRO DÚCTIL | E93: und | F93: =+Memorias!F1407 -> 1 | G93: =+APUS!G2359 -> 470003.11 | H93: =+F93*G93 -> 470003.11
A94: =+A93+0.01 -> 5.08 | B94: Gob. | C94: =+C72 -> 2,02,15 | D94: EXCAVACION MANUAL EN MATERIAL COMUN | E94: m3 | F94: =+Memorias!F1422 -> 360 | G94: =+G72 -> 26955.15 | H94: =+F94*G94 -> 9703854
A95: =+A94+0.01 -> 5.09 | B95: Gob. | C95: =+C73 -> 2.01.71 | D95: EXCAVACION MANUAL EN MATERIAL CONGLOMERADO | E95: m3 | F95: =+Memorias!F1437 -> 90 | G95: =+G73 -> 93519.01 | H95: =+F95*G95 -> 8416710.9
A96: =+A95+0.01 -> 5.1 | D96: SUMINISTRO E INSTALACIÓN TUBERÍA PN25 DIAMETRO 63 mm | E96: ML | F96: =+Memorias!F1452 -> 1500 | G96: =+APUS!G2392 -> 86823.11 | H96: =+F96*G96 -> 130234665
A97: =+A96+0.01 -> 5.11 | B97: Gob. | C97: 3.03.16 | D97: RELLENO CON MATERIAL SELECCIONADO PROVENIENTE DE EXCAVACIÓN COMPACTADO CON PLANCHA VIBRADORA | E97: M3 | F97: =+Memorias!F1467 -> 360 | G97: 26055.23 | H97: =+F97*G97 -> 9379882.8
A98: =+A97+0.01 -> 5.12 | B98: Gob. | C98: 1.02.02 | D98: CAJAS DE INSPECCION DE 1.00 X 1.00 X 1.00 MTS LADRILLO | E98: Und | F98: =+Memorias!F1488 -> 4 | G98: =+APUS!G2430 -> 737541.36 | H98: =+F98*G98 -> 2950165.4
A99: =+A98+0.01 -> 5.13 | D99: TAPA EN LAMINA AL FAJOR CON REFUERZO Y SEGURIDAD PARA CAJA DE INSPECCION | E99: m2 | F99: =+Memorias!F1509 -> 4 | G99: =+APUS!G2468 -> 737541.36 | H99: =+F99*G99 -> 2950165.4
A100: Subtotal | H100: =SUM(H87:H99) -> 1.8546158e+08
A101: 6. SISTEMA DE ALMACENAMIENTO DE 12,5 m3 agua cruda 25 M3 agua potable y 12,5 M3 elevado agua potable
...

Sheet APUS
A2: ANALISIS DE PRECIOS UNITARIOS
A3: REF. PRECIO GOB. BOYACÁ | B3: DESCRIPCIÓN DE LA ACTIVIDAD | G3: Unidad
A4: 2.01.70
A5: No. ÍTEM PRESUPUESTO | B5: EXCAVACIÓN MANUAL EN MATERIAL COMÚN | G5: m3
A6: 1,02 - 2,01 - 3,01 - 4,01
A8: 2. EQUIPO
A9: Descripción | D9: Unidad | E9: Vr. Unitario | F9: Cantidad | G9: Valor parcial
A10: HERRAMIENTA Y EQUIPO MENOR (%M.O.) | D10: % | E10: 67216.79 | F10: 0.05 | G10: =+IF(A10="","",E10*F10) -> 3360.8395
G11: =+IF(A11="","",E11*F11)
G12: =+IF(A12="","",E12*F12)
D13: SUBTOTAL EQUIPO | G13: =ROUND(+SUM(G10:G12),2) -> 3360.84
A15: 3. MANO DE OBRA
A16: Descripción | D16: Unidad | E16: Vr. Unitario | F16: Cantidad | G16: Valor parcial
A17: CUADRILLA DE ALBAÑILERIA (AA) | D17: HC | E17: 29224.692 | F17: 2.3 | G17: =(+IF(A17="","",(E17*F17))) -> 67216.791
G20: =(+IF(A20="","",(E20*F20)))
D22: SUBTOTAL MANO DE OBRA | G22: =+ROUND(SUM(G17:G21),2) -> 67216.79
A24: COSTO DIRECTO | G24: =ROUND((SUM(+G13+G22)),2) -> 70577.63
A26: INCREMENTO POR DISTANCIA (F.I.D.) | F26: =+[1]PRESUPUESTO!$H$70 -> 0 | G26: =+G24*F26 -> 0
A27: TOTAL COSTO DIRECTO + INCREMENTO POR DISTANCIA | G27: =+G26+G24 -> 70577.63
D28: SUBTOTAL TRANSPORTE | G28: =+ROUND(SUM(G25:G27),2) -> 70577.63
A30: REF. PRECIO GOB. BOYACÁ | B30: DESCRIPCIÓN DE LA ACTIVIDAD | G30: Unidad
A31: 2.01.71
A32: No. ÍTEM PRESUPUESTO | B32: EXCAVACIÓN MANUAL EN MATERIAL CONGLOMERADO | G32: =+Presupuesto!E104 -> m3
A33: 1,03 - 2,02 - 3,02 - 4,02
A35: 2. EQUIPO
A36: Descripción | D36: Unidad | E36: Vr. Unitario | F36: Cantidad | G36: Valor parcial
A37: HERRAMIENTA Y EQUIPO MENOR (%M.O.) | D37: % | E37: 93519.01 | F37: 0.05 | G37: =+IF(A37="","",E37*F37) -> 4675.9505
G38: =+IF(A38="","",E38*F38)
G39: =+IF(A39="","",E39*F39)
G40: =+IF(A40="","",E40*F40)
D41: SUBTOTAL EQUIPO | G41: =ROUND(+SUM(G37:G40),2) -> 4675.95
A43: 3. MANO DE OBRA
A44: Descripción | D44: Unidad | E44: Vr. Unitario | F44: Cantidad | G44: Valor parcial
A45: CUADRILLA DE ALBAÑILERIA (AA) | D45: HC | E45: 29224.692 | F45: 3.2 | G45: =(+IF(A45="","",(E45*F45))) -> 93519.014
G46: =(+IF(A46="","",(E46*F46)))
G47: =(+IF(A47="","",(E47*F47)))
D49: SUBTOTAL MANO DE OBRA | G49: =+ROUND(SUM(G45:G48),2) -> 93519.01
A51: COSTO DIRECTO | G51: =ROUND((SUM(+G41+G49)),2) -> 98194.96
A53: INCREMENTO POR DISTANCIA (F.I.D.) | F53: =+[1]PRESUPUESTO!$H$70 -> 0 | G53: =+G51*F53 -> 0
A54: TOTAL COSTO DIRECTO + INCREMENTO POR DISTANCIA | G54: =+G53+G51 -> 98194.96
A56: REF. PRECIO GOB. BOYACÁ | B56: DESCRIPCIÓN DE LA ACTIVIDAD | G56: Unidad
A57: 4.01.18
A58: No. ÍTEM PRESUPUESTO | B58: SUMINISTRO E INSTALACIÓN TUBERÍA PVC. D = 2" RDE 21 / 200 PSI. (UNIÓN MECÁNICA). | G58: ml
A59: 1,03 - 6,08
A61: 1. MATERIAL
A62: Descripción | D62: Unidad | E62: Valor Unitario | F62: Cantidad | G62: Valor parcial
A63: TUBERÍA PVC PRESIÓN DE 2" RDE 21 - 200 PSI. (UNIÓN MECÁNICA). | D63: ML | E63: 18016.58 | F63: 1.05 | G63: =ROUND((+IF(A63="","",E63*F63)),2) -> 18917.41
A64: LUBRICANTE TUB PVC/500GR | D64: UND | E64: 30941.5 | F64: 0.02 | G64: =+IF(A64="","",E64*F64) -> 618.83
G65: =+IF(A65="","",E65*F65)
G66: =+IF(A66="","",E66*F66)
G67: =+IF(A67="","",E67*F67)
G68: =+IF(A68="","",E68*F68)
G69: =+IF(A69="","",E69*F69)
D70: SUBTOTAL MATERIALES | G70: =+ROUND(SUM(G63:G69),2) -> 19536.24
A72: 2. EQUIPO
A73: Descripción | D73: Unidad | E73: Vr. Unitario | F73: Cantidad | G73: Valor parcial
A74: HERRAMIENTA Y EQUIPO MENOR (%M.O.) | D74: % | E74: 10520.89 | F74: 0.05 | G74: =+IF(A74="","",E74*F74) -> 526.0445
G75: =+IF(A75="","",E75*F75)
G76: =+IF(A76="","",E76*F76)
D77: SUBTOTAL EQUIPO | G77: =ROUND(+SUM(G74:G76),2) -> 526.04
A79: 3. MANO DE OBRA
A80: Descripción | D80: Unidad | E80: Vr. Unitario | F80: Cantidad | G80: Valor parcial
A81: CUADRILLA DE INSTALACIÓNES (BB) | D81: HC | E81: 35069.629 | F81: 0.3 | G81: =(+IF(A81="","",(E81*F81))) -> 10520.889
G82: =(+IF(A82="","",(E82*F82)))
G83: =(+IF(A83="","",(E83*F83)))
D85: SUBTOTAL MANO DE OBRA | G85: =+ROUND(SUM(G81:G84),2) -> 10520.89
A87: COSTO DIRECTO | G87: =ROUND((SUM(+G70+G77+G85)),2) -> 30583.17
A89: INCREMENTO POR DISTANCIA (F.I.D.) | F89: =+[2]PRESUPUESTO!$H$70 -> 0 | G89: =+G87*F89 -> 0
A90: TOTAL COSTO DIRECTO + INCREMENTO POR DISTANCIA | G90: =+G89+G87 -> 30583.17
A91: REF. PRECIO GOB. BOYACÁ | B91: DESCRIPCIÓN DE LA ACTIVIDAD | G91: Unidad
A92: 3.03.19
A93: No. ÍTEM PRESUPUESTO | B93: SUMINISTRO E INSTALACIÓN DE CONCRETO CICLOPEO DE 17.5 MPA (2500) , 40% RAJON PARA BASES | G93: m3
A94: =+Presupuesto!A74 -> 4.03
A96: 1. MATERIAL
A97: Descripción | D97: Unidad | E97: Valor Unitario | F97: Cantidad | G97: Valor parcial
A98: CONCRETO SIMPLE DE 17.5 Mpa. (2500 PSI) | D98: M3 | E98: 503770.05 | F98: 0.65 | G98: =ROUND((+IF(A98="","",E98*F98)),2) -> 327450.53
A99: REPISA ORDINARIO 3m. | D99: ML | E99: 5950 | F99: 0.42 | G99: =+IF(A99="","",E99*F99) -> 2499
A100: TABLA BURRA ORDINARIO X 3m. | D100: ML | E100: 11503.33 | F100: 0.93 | G100: =+IF(A100="","",E100*F100) -> 10698.097
A101: MADERA VARA DE CLAVO | D101: ML | E101: 7000 | F101: 0.55 | G101: =+IF(A101="","",E101*F101) -> 3850
A102: PUNTILLA CON Y SIN CABEZA 2 | D102: LB | E102: 5094.67 | F102: 0.45 | G102: =+IF(A102="","",E102*F102) -> 2292.6015
A103: PIEDRA RAJÓN | D103: M3 | E103: 83895 | F103: 0.45 | G103: =+IF(A103="","",E103*F103) -> 37752.75
D104: SUBTOTAL MATERIALES | G104: =+ROUND(SUM(G98:G103),2) -> 384542.98
A106: 2. EQUIPO
A107: Descripción | D107: Unidad | E107: Vr. Unitario | F107: Cantidad | G107: Valor parcial
A108: HERRAMIENTA Y EQUIPO MENOR (%M.O.) | D108: % | E108: 204572.85 | F108: 0.05 | G108: =+IF(A108="","",E108*F108) -> 10228.643
G109: =+IF(A109="","",E109*F109)
G110: =+IF(A110="","",E110*F110)
G111: =+IF(A111="","",E111*F111)
D112: SUBTOTAL EQUIPO | G112: =ROUND(+SUM(G108:G111),2) -> 10228.64
A114: 3. MANO DE OBRA
A115: Descripción | D115: Unidad | E115: Vr. Unitario | F115: Cantidad | G115: Valor parcial
A116: CUADRILLA DE ALBAÑILERIA (AA1) | D116: HC | E116: 40914.569 | F116: 5 | G116: =(+IF(A116="","",(E116*F116))) -> 204572.85
G117: =(+IF(A117="","",(E117*F117)))
G118: =(+IF(A118="","",(E118*F118)))
D120: SUBTOTAL MANO DE OBRA | G120: =+ROUND(SUM(G116:G119),2) -> 204572.85
A122: COSTO DIRECTO | G122: =ROUND((SUM(+G104+G112+G120)),2) -> 599344.47
A124: INCREMENTO POR DISTANCIA (F.I.D.) | F124: =+[2]PRESUPUESTO!$H$70 -> 0 | G124: =+G122*F124 -> 0
A125: TOTAL COSTO DIRECTO + INCREMENTO POR DISTANCIA | G125: =+G124+G122 -> 599344.47
A127: NO GOB | B127: DESCRIPCIÓN DE LA ACTIVIDAD | G127: Unidad
A129: No. ÍTEM PRESUPUESTO | B129: Macromedidor de 2" agua limpia clase b magnético 230psi | G129: und
...

Sheet Memorias
A1: MEMORIA DE CALCULO ACUEDUCTO MORTIÑAL SECTOR LA ESCUELA
A3: 1. CAPTACIÓN NACIMIENTO - ADUCCIÓN - CONDUCCIÓN A PTAP
A4: ITEM No. : | C4: 1.01 | D4: UNIDAD ITEM: | E4: m3
A5: CAPITULO No. : | C5: 1 | D5: FECHA: | E5: Noviembre 2025
A6: DESCRIPCION ITEM:
A7: EXCAVACION MANUAL EN MATERIAL COMUN
A8: ESQUEMA | C8: LONGITUD | D8: ANCHO | E8: ALTURA | F8: CANTIDAD
C9: 350 | D9: 0.3 | E9: 0.6 | F9: =+C9*D9*E9 -> 63
F10: =+C10*D10*E10 -> 0
E20: TOTAL | F20: =+F9 -> 63
A21: OBSERVACIONES
A24: 1. CAPTACIÓN NACIMIENTO - ADUCCIÓN - CONDUCCIÓN A PTAP
A25: ITEM No. : | C25: 1.02 | D25: UNIDAD ITEM: | E25: m3
A26: CAPITULO No. : | C26: 1 | D26: FECHA: | E26: Noviembre 2025
A27: DESCRIPCION ITEM:
A28: EXCAVACION MANUAL EN MATERIAL CONGLOMERADO
A29: ESQUEMA | C29: LONGITUD | D29: ANCHO | E29: ALTURA | F29: CANTIDAD
C30: 350 | D30: 0.3 | E30: 0.2 | F30: =+C30*D30*E30 -> 21
F31: =+C31*D31*E31 -> 0
E40: TOTAL | F40: =F30 -> 21
A41: OBSERVACIONES
A44: 1. CAPTACIÓN NACIMIENTO - ADUCCIÓN - CONDUCCIÓN A PTAP
A45: ITEM No. : | C45: 1.03 | D45: UNIDAD ITEM: | E45: ml
A46: 1 | C46: 1 | D46: FECHA: | E46: Noviembre 2025
A47: DESCRIPCION ITEM:
A48: SUMINISTRO E INSTALACIÓN TUBERÍA PVC. D = 2" RDE 21 UNIÓN MECANICA
A49: ESQUEMA | C49: LONGITUD | D49: ANCHO | E49: ALTURA | F49: CANTIDAD
C50: 6 | F50: =+C50 -> 6
F51: =+C51*D51 -> 0
F52: =+C52*D52 -> 0
E55: TOTAL | F55: =SUM(F50:F54) -> 6
A56: OBSERVACIONES
A59: 1. CAPTACIÓN NACIMIENTO - ADUCCIÓN - CONDUCCIÓN A PTAP
A60: ITEM No. : | C60: 1.04 | D60: UNIDAD ITEM: | E60: und
A61: CAPITULO No. : | C61: 1 | D61: FECHA: | E61: Noviembre 2025
A62: DESCRIPCION ITEM:
A63: Macromedidor de 2" agua limpia clase b magnético 230psi
A64: ESQUEMA | C64: LONGITUD | D64: ANCHO | E64: ALTURA | F64: CANTIDAD
C65: Macromedidor | D65: Filtro Yee | E65: salida a red | F65: 1
E70: TOTAL | F70: =SUM(F65:F69) -> 1
A71: OBSERVACIONES
A74: 1. CAPTACIÓN NACIMIENTO - ADUCCIÓN - CONDUCCIÓN A PTAP
A75: ITEM No. : | C75: 1.05 | D75: UNIDAD ITEM: | E75: und
A76: CAPITULO No. : | C76: 1 | D76: FECHA: | E76: Noviembre 2025
A77: DESCRIPCION ITEM:
A78: Unión de desmontaje autoportante en HD de 2"
A79: ESQUEMA | C79: LONGITUD | D79: ANCHO | E79: ALTURA | F79: CANTIDAD
F80: 1
F81: =C81*D81 -> 0
F82: =C82*D82 -> 0
E85: TOTAL | F85: =SUM(F80:F84) -> 1
A86: OBSERVACIONES
A89: 1. CAPTACIÓN NACIMIENTO - ADUCCIÓN - CONDUCCIÓN A PTAP
A90: ITEM No. : | C90: 1.06 | D90: UNIDAD ITEM: | E90: und
A91: CAPITULO No. : | C91: 1 | D91: FECHA: | E91: Noviembre 2025
A92: DESCRIPCION ITEM:
A93: Pasamuro en a.c extremo brida en ac de 2"
A94: ESQUEMA | C94: LONGITUD | D94: ANCHO | E94: ALTURA | F94: CANTIDAD
F95: 1
F96: =E96*56 -> 0
F97: =E97*25 -> 0
F98: =E98*48 -> 0
F99: =+E99 -> 0
E103: TOTAL | F103: =ROUND(SUM(F95:F102),2) -> 1
A104: OBSERVACIONES
A107: 1. CAPTACIÓN NACIMIENTO - ADUCCIÓN - CONDUCCIÓN A PTAP
A108: ITEM No. : | C108: 1.07 | D108: UNIDAD ITEM: | E108: und
A109: CAPITULO No. : | C109: 1 | D109: FECHA: | E109: Noviembre 2025
A110: DESCRIPCION ITEM:
A111: SUMINISTRO E INSTALACIÓN VÁLVULA COMPUERTA H.F. D = 2" EXTREMO BRIDA SELLO ELASTICO, 250 PSI.
A112: ESQUEMA | C112: LONGITUD | D112: ANCHO | E112: ALTURA | F112: CANTIDAD
F113: 1
E121: TOTAL | F121: =SUM(F113:F120) -> 1
A122: OBSERVACIONES
A125: 1. CAPTACIÓN NACIMIENTO - ADUCCIÓN - CONDUCCIÓN A PTAP
A126: ITEM No. : | C126: 1.08 | D126: UNIDAD ITEM: | E126: und
A127: CAPITULO No. : | C127: 1 | D127: FECHA: | E127: Noviembre 2025
A128: DESCRIPCION ITEM:
A129: Filtro en yee 2" en HD e.b con registro de lavado
A130: ESQUEMA | C130: LONGITUD | D130: ANCHO | E130: ALTURA | F130: CANTIDAD
F131: 1
E139: TOTAL | F139: =SUM(F131:F138) -> 1
A140: OBSERVACIONES
A143: 1. CAPTACIÓN NACIMIENTO - ADUCCIÓN - CONDUCCIÓN A PTAP
A144: ITEM No. : | C144: 1.09 | D144: UNIDAD ITEM: | E144: ml
A145: CAPITULO No. : | C145: 1 | D145: FECHA: | E145: Noviembre 2025
A146: DESCRIPCION ITEM:
A147: SUMINISTRO E INSTALACIÓN TUBERÍA PN 10 DIAMETRO 63 mm
A148: ESQUEMA | C148: LONGITUD | D148: ANCHO | E148: ALTURA | F148: CANTIDAD
C149: 350 | F149: =+C149 -> 350
E154: TOTAL | F154: =SUM(F149:F153) -> 350
A155: OBSERVACIONES
A158: 1. CAPTACIÓN NACIMIENTO - ADUCCIÓN - CONDUCCIÓN A PTAP
A159: ITEM No. : | C159: 1.1 | D159: UNIDAD ITEM: | E159: m3
A160: CAPITULO No. : | C160: 2 | D160: FECHA: | E160: Noviembre 2025
A161: DESCRIPCION ITEM:
A162: RELLENO CON MATERIAL SELECCIONADO PROVENIENTE DE EXCAVACION COMPACTADO
A163: ESQUEMA | C163: LONGITUD | D163: ANCHO | E163: ALTURA | F163: CANTIDAD
C164: 350 | D164: 0.3 | E164: 0.8 | F164: =+C164*D164*E164 -> 84
E169: TOTAL | F169: =SUM(F164:F168) -> 84
...
